 Dungeon Crawl Stone Soup version 0.26-a0-75-ga645b5fb18 (webtiles) character file.

Game seed: 12926098712996196214

4271 Gargoyl the Skirmisher (level 10, -3/77 HPs)
             Began as a Centaur Abyssal Knight on June 15, 2020.
             Was a Priest of Lugonu.
             Slain by a wyvern (6 damage)
             ... on level 8 of the Dungeon.
             The game lasted 00:11:42 (8644 turns).

Gargoyl the Skirmisher (Centaur Abyssal Knight)     Turns: 8644, Time: 00:11:44

Health: -3/77      AC: 11    Str: 22    XL:     10   Next: 10%
Magic:  23/23      EV:  7    Int: 11    God:    Lugonu [***...]
Gold:   486        SH:  0    Dex: 11    Spells: 9/9 levels left

rFire    . . .     SeeInvis .   d - +2 hand axe (flame)
rCold    . . .     Gourm    .   (no shield)
rNeg     . . .     Faith    .   s - +0 chain mail "Jiannumo" {Regen+ Str+4}
rPois    +         Spirit   .   (no helmet)
rElec    .         Reflect  .   (no cloak)
rCorr    .         Harm     .   (no gloves)
MR       .....                  (no barding)
Stlth    ..........             b - amulet of the acrobat
HPRegen  0.62/turn              h - ring of magical power
MPRegen  0.18/turn              q - ring of poison resistance

@: very quick
A: large, hooves 3, yellow scales 1, deformed body, speed 2, frail 1, strong 1,
tough skin 3
a: Depart the Abyss, Bend Space, Banish, Renounce Religion


You were on level 8 of the Dungeon.
You worshipped Lugonu.
Lugonu was most pleased with you.
You were not hungry.

You visited 1 branch of the dungeon, and saw 8 of its levels.
You visited the Abyss 1 time.

You collected 486 gold pieces.

Inventory:

Hand Weapons
 a - a +2 hand axe
 d - a +2 hand axe of flaming (weapon)
Missiles
 j - 24 boomerangs (quivered)
Armour
 s - the +0 chain mail "Jiannumo" (worn) {Regen+ Str+4}
   (You found it on level 6 of the Dungeon)

   It affects your strength (+4).
   It increases your rate of regeneration.
Jewellery
 b - an amulet of the acrobat (around neck)
 h - a ring of magical power (left hand)
 q - a ring of poison resistance (right hand)
 r - an uncursed ring of ice
Wands
 i - a wand of polymorph (17)
 l - a wand of iceblast (7)
Scrolls
 e - a scroll of identify
 f - 4 scrolls of remove curse
 t - 2 scrolls of teleportation
 v - a scroll of vulnerability {unknown}
Potions
 g - a potion of brilliance
 k - 2 potions of curing
 m - 3 potions of heal wounds
 n - a potion of cancellation
 o - a potion of haste {unknown}
 p - a potion of mutation
 u - a potion of stabbing {unknown}
Comestibles
 c - 23 rations
 w - 4 chunks of flesh


   Skills:
 + Level 7.3 Fighting
 + Level 6.7 Axes
 + Level 2.1 Throwing
 * Level 6.7 Armour
 * Level 3.2 Dodging
 * Level 5.5 Invocations


You had 9 spell levels left.
You didn't know any spells.
Your spell library contained the following spells:

 Spells                   Type           Power        Failure   Level  Hunger
 Magic Dart               Conj           #...         95%         1    ##.....
 Summon Small Mammal      Summ           #...         95%         1    ##.....
 Blink                    Tloc           N/A          98%         2    ###....
 Call Imp                 Summ           #.......     98%         2    ###....
 Slow                     Hex            #.......     98%         2    ###....
 Call Canine Familiar     Summ           #.......     100%        3    ####...
 Conjure Flame            Conj/Fire      #.......     100%        3    ####...
 Mephitic Cloud           Conj/Pois/Air  #.......     100%        3    ####...
 Summon Guardian Golem    Hex/Summ       #.......     100%        3    ####...
 Summon Ice Beast         Ice/Summ       #.......     100%        4    #####..
 Summon Lightning Spire   Summ/Air       #.......     100%        4    #####..


Dungeon Overview and Level Annotations

Branches:
Dungeon (8/15)             Temple (0/1) D:5
   Lair: D:8-11

Altars:
Ru
Sif Muna
Uskayaw

Shops:
D:6 %   D:8 }


Innate Abilities, Weirdness & Mutations

You have hooves in place of feet.
Armour fits poorly on your strangely shaped body.
You cover ground very quickly.
You have extremely tough skin. (AC +3)
You are partially covered in yellow scales. (AC +2)
You are frail. (-10% HP)
Your muscles are strong. (Str +2)


Message History

Unknown command.
You hit the wyvern. You burn the wyvern. Your kick misses the wyvern.
The wyvern is moderately wounded.
The wyvern bites you.
* * * LOW HITPOINT WARNING * * *
You closely miss the wyvern. Your kick misses the wyvern.
The wyvern is moderately wounded.
The wyvern bites you but does no damage.
The wyvern bites you.
* * * LOW HITPOINT WARNING * * *
You hit the wyvern. You burn the wyvern. Your kick misses the wyvern.
The wyvern is severely wounded.
The wyvern bites you.
* * * LOW HITPOINT WARNING * * *
You hit the wyvern but do no damage.
The wyvern is severely wounded.
The wyvern bites you!
* * * LOW HITPOINT WARNING * * *
The wyvern bites you.
You die...

## ##. ######### # ##...
#..#....# ## #....
#######....##.# #.
.............#.∩.##.#########
#.....# #..^.....÷...÷....
.......#####.######.#########
#(....$...)...........[..
....#..###.#@#######.##.### .
.......$.l.# .# ##....#####.#
.# #..... #<# .# #.....
#..>....... #.....
#########.# ...... #.# #.#
#.#


You could see a wyvern.

Vanquished Creatures
  A two-headed ogre (D:8)
  A glowing orange brain (Abyss:2)
  A hippogriff (D:8)
  Prince Ribbit (D:5)
  Sigmund (D:3)
  A spriggan (D:7)
  An orc warrior (D:8)
  A hornet zombie (D:8)
  An ice beast (D:6)
  2 sky beasts
  A crocodile (D:8)
  3 ogres
  A centaur (D:7)
  3 bullfrogs
  3 scorpions
  3 howler monkeys
  4 crimson imps
  A bullfrog zombie (D:5)
  3 orc priests
  3 hounds
  A centaur skeleton (D:7)
  8 orc wizards
  A gnoll shaman (D:5)
  3 iguanas
  4 worker ants
  2 hound skeletons (D:4)
  A howler monkey zombie (D:6)
  8 gnolls
  13 adders
  3 shadow imps
  An adder skeleton (D:4)
  2 worms
  A dart slug (D:1)
  2 leopard geckos
  10 orcs
  2 ball pythons
  3 giant cockroaches
  7 goblins
  8 hobgoblins
  7 jackals
  5 kobolds
  4 quokkas
  3 bats
  3 frilled lizards (D:2)
  A leopard gecko skeleton (D:8)
  A leopard gecko zombie (D:5)
  5 rats
145 creatures vanquished.

Vanquished Creatures (others)
  An orc wizard (D:3)
1 creature vanquished.

Grand Total: 146 creatures vanquished

Notes
Turn   | Place    | Note
-------+----------+-------------------------------------------
     0 | Abyss:1  | Gargoyl the Centaur Abyssal Knight began the quest for the
                  | Orb.
     0 | Abyss:1  | Reached XP level 1. HP: 19/19 MP: 2/2
    95 | Abyss:2  | Noticed a glowing orange brain
   126 | Abyss:2  | Noticed a large abomination
   144 | Abyss:2  | Killed a glowing orange brain
   144 | Abyss:2  | Reached skill level 6 in Fighting
   144 | Abyss:2  | Reached XP level 2. HP: 30/30 MP: 2/4
   144 | Abyss:2  | Reached XP level 3. HP: 37/37 MP: 2/5
   144 | Abyss:2  | Reached XP level 4. HP: 44/44 MP: 2/6
   144 | Abyss:2  | Reached XP level 5. HP: 50/50 MP: 2/7
   144 | Abyss:2  | Reached XP level 6. HP: 57/57 MP: 2/8
   153 | Abyss:2  | Noticed a chaos spawn
   155 | D:1      | Escaped the Abyss
   490 | D:1      | Reached XP level 7. HP: 63/63 MP: 9/9
   654 | D:1      | Reached * piety under Lugonu
  1830 | D:3      | Noticed Sigmund
  1856 | D:3      | Gained mutation: You are partially covered in yellow
                  | scales. (AC +2) [potion of mutation]
  1856 | D:3      | Gained mutation: You are frail. (-10% HP) [potion of
                  | mutation]
  1856 | D:3      | Gained mutation: Your muscles are strong. (Str +2) [potion
                  | of mutation]
  1864 | D:3      | Killed Sigmund
  1864 | D:3      | Reached skill level 1 in Dodging
  2135 | D:3      | Found a hide-covered altar of Uskayaw.
  2228 | D:3      | Found a sacrificial altar of Ru.
  2311 | D:3      | Found a shimmering blue altar of Sif Muna.
  3944 | D:4      | Reached XP level 8. HP: 52/63 MP: 10/10
  4253 | D:4      | Reached ** piety under Lugonu
  4909 | D:5      | Entered Level 5 of the Dungeon
  5556 | D:5      | Found a staircase to the Ecumenical Temple.
  5630 | D:5      | Reached skill level 1 in Throwing
  5861 | D:6      | Noticed Prince Ribbit
  5877 | D:5      | Killed Prince Ribbit
  5877 | D:5      | Reached skill level 5 in Armour
  6025 | D:6      | Reached skill level 5 in Axes
  6076 | D:6      | Reached XP level 9. HP: 36/70 MP: 12/12
  6827 | D:6      | Found Xufinuem's Food Shop.
  6866 | D:6      | Got a masterwork chain mail
  6877 | D:6      | Identified the +0 chain mail "Jiannumo" {Regen+ Str+4} (You
                  | found it on level 6 of the Dungeon)
  7322 | D:7      | Reached skill level 7 in Fighting
  7457 | D:7      | Reached *** piety under Lugonu
  8087 | D:8      | Noticed a two-headed ogre
  8098 | D:8      | Killed a two-headed ogre
  8098 | D:8      | Reached skill level 5 in Invocations
  8426 | D:8      | Reached XP level 10. HP: 68/77 MP: 14/14
  8443 | D:8      | Found Tadomu's Gadget Boutique.
  8644 | D:8      | HP: 3/77 [wyvern (14)]
  8644 | D:8      | Slain by a wyvern

Illustrated notes

Levels and vault maps discovered:
D:1:      lemuel_arrival_muddy, layout_basic, kennysheep_crisscross
D:2:      layout_loops_cross
D:3:      layout_loops_ring, led_sif_book, eat_drink_and_be_merry_uskayaw,
          nicolae_ru_sacrificial_ziggurat, kennysheep_generic_room_14,
          uniq_sigmund
D:4:      layout_cave_pods, first_ration
D:5:      layout_rooms, minmay_temple_entry_fiery
D:6:      layout_basic, serial_shops, kennysheep_mini_moat, uniq_prince_ribbit1
D:7:      layout_layer_cave, the_bakery
D:8:      layout_loops_ring, good_gods_mini_temple, overflow_temple_1_default,
          minitemple, serial_shops, nicolae_shop_stone

Skill      XL: |  1  2  3  4  5  6  7  8  9 |
---------------+----------------------------+-----
Fighting       | 6 7 |  7.3
Axes           | 3 4 5 6 |  6.7
Armour         | 2 3 5 6 |  6.7
Invocations    | 3 4 5 |  5.5
Dodging        | 1 2 3 |  3.2
Throwing       | 1 2 |  2.1

Action                   |  1- 3 |  4- 6 |  7- 9 | 10-12 || total
-------------------------+-------+-------+-------+-------++-------
Melee: Hand axe          |    21 |    17 |   531 |    62 ||   631
       Kick              |    10 |     4 |   135 |    23 ||   172
Throw: Boomerang         |       |       |    14 |       ||    14
       Javelin           |       |       |     9 |     2 ||    11
Invok: Depart the Abyss  |       |     1 |       |       ||     1
  Use: Scroll            |       |       |    16 |       ||    16
       Potion            |       |       |     7 |     1 ||     8
  Eat: Chunk             |       |       |    16 |     1 ||    17
       Ration            |       |       |     1 |       ||     1
Armor: Plate armour      |     1 |     7 |   262 |       ||   270
       Chain mail        |       |       |    92 |    19 ||   111
       Skin              |       |       |     5 |       ||     5
Dodge: Dodged            |     1 |     2 |   137 |    22 ||   162

Table legend:
 A = Non-vault XP
 B = Vault XP
 C = Vault XP percentage of total XP
 D = Non-vault monster count
 E = Vault monster count
 F = Vault count percentage of total count
                 A         B        C        D         E       F
            +---------+---------+-------+---------+---------+-------
      Total |    5349 |     753 |  12.3 |     140 |       6 |   4.1
            +---------+---------+-------+---------+---------+-------
        D:1 |      38 |       0 |   0.0 |      19 |       0 |   0.0
        D:2 |      72 |       0 |   0.0 |      22 |       0 |   0.0
        D:3 |      77 |     287 |  78.8 |       8 |       4 |  33.3
        D:4 |     442 |       0 |   0.0 |      24 |       0 |   0.0
        D:5 |     465 |     246 |  34.6 |      16 |       1 |   5.9
        D:6 |    1041 |       0 |   0.0 |      26 |       0 |   0.0
        D:7 |     364 |     220 |  37.7 |       8 |       1 |  11.1
        D:8 |    2133 |       0 |   0.0 |      16 |       0 |   0.0
    Abyss:2 |     717 |       0 |   0.0 |       1 |       0 |   0.0
            +---------+---------+-------+---------+---------+-------
